 Dungeon Crawl Stone Soup version 0.22.0-27-ga576289 (webtiles) character file.

141 Monsterracer the Ruffian (level 5, 0/49 HPs)
             Began as a Troll Conjurer on Aug 22, 2018.
             Slain by Sigmund
             ... wielding a +0 scythe
              (12 damage)
             ... on level 2 of the Dungeon.
             The game lasted 00:02:06 (1363 turns).

Monsterracer the Ruffian (Troll Conjurer)           Turns: 1363, Time: 00:02:07

Health: 0/49       AC:  6    Str: 16    XL:     5   Next: 3%
Magic:  5/5        EV: 10    Int: 11    God:
Gold:   133        SH:  0    Dex: 11    Spells: 5/6 levels left

rFire    . . .     SeeInvis .     - Unarmed
rCold    . . .     Gourm    +   (no shield)
rNeg     . . .     Faith    .   a - +0 robe
rPois    .         Spirit   .   (helmet restricted)
rElec    .         Reflect  .   f - +0 cloak
rCorr    .         Harm     .   (gloves unavailable)
MR       .....                  (boots unavailable)
Stlth    +.........             j - amulet of rage
HPRegen  0.56/turn              (no ring)
MPRegen  0.09/turn              (no ring)

@: confused
A: large, unfitting armour, claws 3, fast metabolism 3, gourmand, regeneration
1, shaggy fur 1, tough skin 2
a: Evoke Berserk Rage


You were on level 2 of the Dungeon.
You were very full.

You visited 1 branch of the dungeon, and saw 2 of its levels.

You collected 133 gold pieces.

Inventory:

Missiles
 m - 2 throwing nets (quivered)
Armour
 a - a +0 robe (worn)
 f - a +0 cloak (worn)
Jewellery
 j - an amulet of rage (around neck)
Wands
 k - a wand of digging (12)
Scrolls
 b - 2 scrolls of identify {unknown}
 d - 2 scrolls of remove curse {unknown}
 e - 2 scrolls of enchant weapon {unknown}
 h - 2 scrolls of blinking {unknown}
 i - a scroll of amnesia {unknown}
 l - a scroll of noise {unknown}
Potions
 g - a potion of magic {unknown}
Comestibles
 c - 3 rations


   Skills:
 + Level 2.0 Fighting
 - Level 1.5 Dodging
 - Level 1.0 Stealth
 * Level 3.8 Unarmed Combat
 - Level 1.2 Spellcasting
 - Level 2.9 Conjurations


You had 5 spell levels left.
You knew the following spells:

 Your Spells              Type           Power        Failure   Level  Hunger
a - Magic Dart            Conj           #...         10%         1    ##.....

Your spell library contained the following spells:

 Spells                   Type           Power        Failure   Level  Hunger
 Searing Ray              Conj           #.....       14%         2    ###....
 Dazzling Spray           Conj/Hex       #.....       45%         3    ####...
 Iskenderun's Mystic Bla  Conj           #.......     67%         4    #####..
 Force Lance              Conj/Tloc      #.......     86%         4    #####..
 Fulminant Prism          Conj/Hex       #.........   86%         4    #####..


Dungeon Overview and Level Annotations

Branches:
Dungeon (2/15)

Altars:

Annotations:
D:2 1 runed door, Sigmund


Innate Abilities, Weirdness & Mutations

You are too large for most types of armour.
You have claws for hands.
Your metabolism is lightning-fast.
You like to eat raw meat.
Your natural rate of healing is unusually fast.
You are covered in fur. (AC +1)
You have very tough skin. (AC +2)


Message History

You now have 119 gold pieces (gained 14).
You now have 133 gold pieces (gained 14).
A hobgoblin comes into view. It is wielding a club.
Health restored: 42 A hobgoblin is nearby!
The hobgoblin hits you but does no damage.
A hobgoblin is nearby!
You claw the hobgoblin!
You kill the hobgoblin!
You have reached level 5!
Health restored: 49; MP restored: 5 You see here a club.
A bat comes into view.
You see here a scroll labeled SAUKKO BU NIOB.
A bat is nearby!
The bat hits you but does no damage.
A bat is nearby!
A bat is nearby!
You barely miss the bat. The bat hits you but does no damage.
The bat closely misses you.
A bat comes into view.
The bat barely misses you. x2
You claw the bat!
You kill the bat!
A rat comes into view.
The bat hits you but does no damage.
An ooze comes into view.
The bat hits you but does no damage.
Found an amethyst potion.
You closely miss the bat. The bat closely misses you.
There are monsters nearby!
Sigmund the Dreaded comes into view.
He is wielding a scythe.
The bat hits you but does no damage.
There are monsters nearby!
You scratch the bat.
You kill the bat!
The ooze quivers.
Sigmund shouts!
Sigmund hits you from afar with a scythe!
The rat bites you.
You take 9 damage, and have 40/49 hp.
There are monsters nearby!
You barely miss the rat. The rat bites you but does no damage.
You scratch the rat.
You kill the rat!
Sigmund hits you from afar with a scythe.
You take 5 damage, and have 36/49 hp.
Sigmund hits you with a scythe!
The ooze jiggles.
You take 7 damage, and have 29/49 hp.
You barely miss Sigmund. The ooze closely misses you.
You scratch Sigmund.
Sigmund is lightly wounded.
Sigmund closely misses you.
You closely miss Sigmund.
Sigmund is lightly wounded.
The ooze hits you but does no damage. Sigmund barely misses you.
You scratch Sigmund.
Sigmund is lightly wounded.
The ooze barely misses you.
You claw Sigmund!
Sigmund is heavily wounded.
The ooze closely misses you.
Sigmund drinks a potion.
Sigmund is healed!
You scratch Sigmund.
Sigmund is moderately wounded.
The ooze hits you. Sigmund hits you with a scythe!
* * * LOW HITPOINT WARNING * * *
You take 13 damage, and have 18/49 hp.
MASSIVE DAMAGE!!
You closely miss Sigmund.
Sigmund is moderately wounded.
The ooze closely misses you. Sigmund hits you but does no damage.
You scratch Sigmund.
Sigmund is heavily wounded.
The ooze hits you.
* * * LOW HITPOINT WARNING * * *
You take 2 damage, and have 17/49 hp.
You scratch Sigmund but do no damage.
Sigmund is heavily wounded.
The ooze hits you but does no damage. Sigmund casts a spell at you.
You are confused.
Unknown command.
You closely miss the ooze. The ooze hits you but does no damage.
Sigmund hits you with a scythe.
* * * LOW HITPOINT WARNING * * *
You take 5 damage, and have 13/49 hp.
The ooze completely misses you. The ooze hits you.
* * * LOW HITPOINT WARNING * * *
You take 3 damage, and have 11/49 hp.
Sigmund hits you with a scythe.
* * * LOW HITPOINT WARNING * * *
The ooze closely misses you.
You take 1 damage, and have 10/49 hp.
You feel less confused.
Sigmund points at you and mumbles some strange words.
You are confused.
You bump into the rock wall.
The ooze hits you but does no damage.
Sigmund hits you from afar with a scythe!
You die...

##.## #.# #.# ###...#. #.#
#.# #...!.. #.# #.# #.#...
#.# #.# #######.##.# #.#
#######.## .........#.# #.#
#.........
...........#####.###.#.######
###.#.............?.#)#
###.#@J@..........#
#.....############### #######


You could see Sigmund and an ooze.

Vanquished Creatures
  Jessica (D:2)
  A gnoll (D:1)
  6 adders (D:2)
  A worm (D:2)
  A dart slug (D:1)
  3 giant cockroaches
  8 goblins
  5 hobgoblins
  9 bats
  3 frilled lizards
  3 kobolds
  9 rats
50 creatures vanquished.

Notes
Turn   | Place    | Note
-------+----------+-------------------------------------------
     0 | D:1      | Monsterracer the Troll Conjurer began the quest for the Orb.
     0 | D:1      | Reached XP level 1. HP: 16/16 MP: 1/1
    80 | D:1      | Reached skill level 1 in Unarmed Combat
   164 | D:1      | HP: 3/18 [gnoll/halberd (12)]
   183 | D:1      | Reached XP level 2. HP: 14/26 MP: 2/2
   270 | D:1      | Reached skill level 1 in Fighting
   273 | D:1      | Reached skill level 2 in Unarmed Combat
   434 | D:1      | Reached XP level 3. HP: 33/33 MP: 3/3
   947 | D:2      | Reached XP level 4. HP: 41/41 MP: 4/4
   960 | D:2      | Reached skill level 3 in Unarmed Combat
  1014 | D:2      | Noticed Jessica
  1020 | D:2      | Killed Jessica
  1146 | D:2      | Found a runed door.
  1325 | D:2      | Reached XP level 5. HP: 49/49 MP: 5/5
  1341 | D:2      | Noticed Sigmund
  1352 | D:2      | HP: 18/49 [Sigmund/scythe (12)]
  1358 | D:2      | HP: 11/49 [ooze (3)]
  1363 | D:2      | Slain by Sigmund

Skill      XL: |  1  2  3  4 |
---------------+-------------+-----
Unarmed Combat | 1 2 3 |  3.8
Fighting       | 1 2 |  2.0
Dodging        | |  1.5
Stealth        | |  1.0
Spellcasting   | |  1.2
Conjurations   | |  2.9

Action                   |  1- 3 |  4- 6 || total
-------------------------+-------+-------++-------
Melee: Unarmed           |   108 |    52 ||   160
       Punch             |       |     2 ||     2
 Stab: Sleeping          |     4 |       ||     4
  Eat: Chunk             |    14 |     3 ||    17
Armor: Robe              |    53 |    23 ||    76
Dodge: Dodged            |    57 |    29 ||    86

Vault maps used:
D:1:      giann_forest_graveyard, st_stairs_7, grunt_decor_arrowhead
D:2:      roderic_serpentine_path, st_stairs_1, uniq_jessica, uniq_sigmund,
          uniq_crazy_yiuf_cottage
